 Dungeon Crawl Stone Soup version 0.29-a0-266-gf56f883ddd (webtiles) character file.

Game seed: 5534166498120828769

1570 spaghetti the Chucker (level 8, -6/63 HPs)
             Began as a Demigod Delver on Mar 7, 2022.
             Mangled by a vampire
             ... wielding a +0 whip
              (9 damage)
             ... on level 7 of the Dungeon.
             The game lasted 00:09:26 (8129 turns).

spaghetti the Chucker (Demigod Delver)              Turns: 8129, Time: 00:09:27

Health: -6/63      AC:  6    Str: 21    XL:     8   Next: 33%
Magic:  10/10      EV: 10    Int: 12    God:
Gold:   340        SH: 10    Dex: 15    Spells: 7/7 levels left

rFire   . . .      SeeInvis .   a - +1 falchion (venom) {long}
rCold   . . .      Faith    .   p - +0 kite shield
rNeg    . . .      Spirit   .   b - +0 leather armour
rPois   .          Reflect  .   (helmet restricted)
rElec   .          Harm     .   (no cloak)
rCorr   .          Rampage  .   m - +1 pair of gloves
Will    .....                   y - +0 pair of boots
Stlth   +++.......              (no amulet)
HPRegen 0.20/turn               (no ring)
MPRegen 0.12/turn               (no ring)

@: no status effects
A: high MP 1, forlorn, divine attributes, antennae 1, deterioration 1
a: no special abilities


You were on level 7 of the Dungeon.
You visited 1 branch of the dungeon, and saw 7 of its levels.

You collected 340 gold pieces.


Innate Abilities, Weirdness & Mutations

You have an increased reservoir of magic. (+10% MP)
You shall have no god before yourself.
Your divine heritage dramatically boosts your attributes as you level up.
You have a pair of small antennae on your head.
Your body sometimes deteriorates upon taking damage.


   Skills:
 - Level 3.1 Fighting
 - Level 1.7 Long Blades
 + Level 7.5 Throwing
 - Level 1.7 Dodging
 - Level 4.5 Stealth
 + Level 6.0 Shields


You had 7 spell levels left.
You didn't know any spells.
Your spell library contained the following spells:

 Spells                   Type           Power      Damage    Failure   Level
 Inner Flame              Hex/Fire       0%         N/A       97%         3
 Cause Fear               Hex            0%         N/A       100%        4
 Discord                  Hex            0%         N/A       100%        8

Inventory:

Hand Weapons
 a - a +1 falchion of venom (weapon) {long}
Missiles
 h - 180 stones {throwing}
 n - 3 silver boomerangs (quivered) {throwing}
 o - 7 poisoned darts {throwing}
 x - 2 boomerangs {throwing}
Armour
 b - a +0 leather armour (worn)
 m - a +1 pair of gloves (worn)
   (You found it on level 3 of the Dungeon)
 p - a +0 kite shield (worn)
   (You took it off a hobgoblin on level 2 of the Dungeon)
 y - a +0 pair of boots (worn)
   (You found it on level 6 of the Dungeon)
Jewellery
 j - a ring of willpower
   (You found it on level 4 of the Dungeon)
 q - a ring of ice
   (You found it on level 2 of the Dungeon)
 r - a +6 ring of dexterity
   (You found it on level 2 of the Dungeon)
 s - a ring of fire
   (You found it on level 1 of the Dungeon)
Wands
 g - a wand of digging (3)
Scrolls
 c - 2 scrolls of fog
 d - 2 scrolls of magic mapping {!r}
 l - 2 scrolls of vulnerability {!r!r}
 t - 2 scrolls of enchant weapon
 u - a scroll of identify {@r1}
 A - a scroll of brand weapon
Potions
 f - a potion of brilliance
 i - 2 potions of degeneration {!q@e2}
 k - a potion of cancellation

Dungeon Overview and Level Annotations

Branches:
Dungeon (7/15)             Temple (0/1) D:6

Annotations:
D:4 Duvessa
D:5 2 runed translucent doors, avis's ghost, novice HOTm

#........# #.#
##..###.#########.#
#...[.............#
#...###.###########
#####...##...#
..((((..[....#
.)##F.........#
#.##......V...######
..#.#)..##@.......#
.####'#.#...#########.#
.V......#..)# #.#
........#†.V##### #.#
........#)...(.(# #.#
........##).###.... #.#
............# .( #.#
#######.......... #.#
##......... #.#


You could see a vampire and a bullfrog (wandering).


Message History

You feel sick. Something hits you but does no damage.
You are more poisoned.
Your Shields skill increases to level 6! 😨 HP[-2]
You take 2 damage, and now have 24/63 hp.
Unknown command.
Unknown command.
Unknown command.
Unknown command.
You slash something!
Reactivating autopickup.
You feel a bit more experienced.
You feel very sick. 😨 HP[-3]
You take 3 damage, and now have 21/63 hp.
You feel sick.
Things that are here:
a +0 dagger of venom {short}; a +0 robe; 😨 HP[-2]
You take 2 damage, and now have 19/63 hp.
You start resting.
You feel sick. x6
You are no longer poisoned.
A white imp comes into view. 😨 HP[-1]
You take 1 damage, and now have 18/63 hp.
Unknown command.
Unknown command.
Found a stone staircase leading down.
You start resting.
You sense a monster nearby. 😨 HP[+1]
You start resting.
A white imp is nearby!
A white imp is nearby!
You block the white imp's attack. 😨 HP[+1]
You closely miss the white imp. The white imp gestures at you.
The puff of frost hits you!
* * * LOW HITPOINT WARNING * * *
You block the white imp's attack. 😱 HP[-9]
You take 9 damage, and now have 11/63 hp.
You slash the white imp!
You kill the white imp!
You start resting.
You feel a little less mighty now.
A vampire is nearby! 😨 HP[+10]
You regained 10 hp, and now have 21/63 hp.
Things that are here:
a +0 dagger of venom {short}; a +0 robe You see here a +0 short sword {short}. 😨 HP[+1]
You start resting.
A vampire is nearby! 😨 HP[+1] That's the wrong kind of item! (Use * to select it.) Evoke which item? (* to show all) (? for menu, Esc to quit)
Okay, then.
Unknown command.
Okay, then.
Okay, then.
The vampire throws a stone.
The stone hits you!
* * * LOW HITPOINT WARNING * * *
Things that are here:
a +0 club {mace}; a scroll labelled XUTENU SUTHUMA; an orc corpse 😱 HP[-9]
You take 9 damage, and now have 14/63 hp.
The vampire throws a stone.
The stone hits you.
* * * LOW HITPOINT WARNING * * *
😱 HP[-4]
You take 4 damage, and now have 10/63 hp. 😱 HP[+1]
Okay, then.
Okay, then.
Okay, then.
Okay, then.
Okay, then.
You start resting.
A vampire is nearby!
Throw: 3 boomerangs (silver) {throwing}
Press: ? - help, Q - select action, (/) - cycle Shift-Dir - straight line, f - vampire
Aim: a vampire, wielding a +0 whip and quivering stones (63% to hit)
You throw a silver boomerang {throwing}.
The silver boomerang {throwing} closely misses the vampire.
Throw: 3 boomerangs (silver) {throwing}
Press: ? - help, Q - select action, (/) - cycle Shift-Dir - straight line, f/p - vampire
Aim: a vampire, wielding a +0 whip and quivering stones (63% to hit)
You throw a silver boomerang {throwing}.
The silver boomerang {throwing} hits the vampire but does no damage.
You block the vampire's attack. The vampire bites you!
* * * LOW HITPOINT WARNING * * *
The vampire draws strength from your injuries! 😱 HP[-9]
You take 9 damage, and now have 2/63 hp.
Okay, then.
You barely miss the vampire.
A bullfrog comes into view.
The vampire hits you with a +0 whip!
You die...

Skill      XL: |  1  2  3  4  5  6  7  8 |
---------------+-------------------------+-----
Fighting       | 3 |  3.1
Throwing       | 3 4 5 6 7 |  7.5
Shields        | 2 3 5 6 |  6.0
Long Blades    | |  1.7
Dodging        | |  1.7
Stealth        | |  4.5

Action                   |  1- 3 |  4- 6 |  7- 9 || total
-------------------------+-------+-------+-------++-------
Melee: Falchion          |    17 |   238 |   135 ||   390
       Punch             |     2 |       |       ||     2
Throw: Stone             |    12 |    16 |    43 ||    71
       Boomerang         |       |       |     2 ||     2
  Use: Scroll            |     2 |     9 |     1 ||    12
       Potion            |     2 |     4 |     4 ||    10
 Stab: Sleeping          |     2 |    13 |       ||    15
       Invisible         |     1 |       |       ||     1
Armor: Leather armour    |     3 |    76 |    43 ||   122
Dodge: Dodged            |    11 |   135 |    46 ||   192
Block: Kite shield       |       |    84 |    74 ||   158

Levels and vault maps discovered:
D:1:      tarquinn_simple_flora_water_e, layout_rooms,
          hellmonk_ecumenical_altar_crossroads
D:2:      layout_basic
D:3:      layout_loops_ring, grunt_temple_overflow_holy_war,
          xom_confusion_cloud, lemuel_crystal_altar, mainiacjoe_overflow_swirl,
          grunt_decor_fettered
D:4:      layout_basic, amethyst_overflow_temple_binary, uniq_duvessa
D:5:      layout_rooms, ebering_ghost_disaster_area, gup_sewer_entry_bowl,
          uniq_ijyb
D:6:      layout_cave_pods, temple_doors_e, uniq_edmund
D:7:      layout_basic

Notes
Turn   | Place    | Note
-------+----------+-------------------------------------------
     0 | D:5      | spaghetti the Demigod Delver began the quest for the Orb.
     0 | D:5      | Reached XP level 1. HP: 18/18 MP: 3/3
     0 | D:5      | magus.rc [v1.9.6]
     4 | D:5      | Found a large runed translucent door.
     4 | D:5      | Found a large runed translucent door.
    10 | D:5      | Noticed avis's ghost (novice HOTm)
   148 | D:4      | Reached skill level 3 in Fighting
   342 | D:4      | Noticed an ogre
   353 | D:4      | HP: 1/19 [ogre/+0 giant spiked club (18)]
   381 | D:4      | Killed an ogre
   382 | D:4      | Reached skill level 3 in Throwing
   382 | D:4      | Reached XP level 2. HP: 4/26 MP: 4/4
   382 | D:4      | Reached XP level 3. HP: 4/31 MP: 5/5
   382 | D:4      | Reached XP level 4. HP: 5/38 MP: 6/6
  1396 | D:2      | Reached skill level 4 in Throwing
  2013 | D:1      | You pick up a book of Hexes and begin reading...
  2013 | D:1      | You add the spells Inner Flame, Cause Fear and Discord to
                  | your library.
  2234 | D:1      | Reached XP level 5. HP: 35/45 MP: 7/7
  3202 | D:3      | Reached skill level 1 in Shields
  4070 | D:3      | Noticed a profane servitor
  4235 | D:3      | Reached skill level 2 in Shields
  4483 | D:3      | Noticed an angel
  4506 | D:4      | Noticed Dowan
  4518 | D:4      | Killed Dowan
  4519 | D:4      | Reached XP level 6. HP: 31/51 MP: 8/8
  4548 | D:4      | Noticed Duvessa
  4686 | D:3      | Gained mutation: Your body sometimes deteriorates upon
                  | taking damage. [potion of mutation]
  4686 | D:3      | Gained mutation: You have a pair of small antennae on your
                  | head. [potion of mutation]
  4947 | D:5      | Reached skill level 5 in Throwing
  5096 | D:5      | HP: 8/51 [centaur/arrow (6)]
  5097 | D:5      | HP: 1/51 [phantom (7)]
  5581 | D:6      | Reached skill level 3 in Shields
  5624 | D:6      | Found a staircase to the Ecumenical Temple.
  5948 | D:6      | Reached XP level 7. HP: 23/57 MP: 9/9
  6182 | D:6      | Reached skill level 4 in Shields
  6276 | D:6      | Reached skill level 6 in Throwing
  6494 | D:6      | Noticed Edmund
  6509 | D:6      | Killed Edmund
  7053 | D:7      | Noticed a vampire
  7069 | D:6      | Reached skill level 5 in Shields
  7412 | D:7      | Reached XP level 8. HP: 44/63 MP: 10/10
  7425 | D:7      | Reached skill level 7 in Throwing
  7995 | D:7      | HP: 14/63 [something/magic dart (6)]
  8022 | D:7      | Reached skill level 6 in Shields
  8028 | D:7      | HP: 15/63 [poisoned by an orc wizard]
  8055 | D:7      | HP: 11/63 [white imp/puff of frost (9)]
  8119 | D:7      | HP: 14/63 [vampire/stone (10)]
  8128 | D:7      | HP: 2/63 [vampire/+0 whip (9)]
  8129 | D:7      | Mangled by a vampire

Vanquished Creatures
  Edmund (D:6)
  A sky beast (D:7)
  2 black bears (D:6)
  2 ogres
  2 phantoms (D:6)
  2 necrophages (D:6)
  2 scorpions
  Dowan (D:4)
  3 howler monkeys
  3 hounds
  An orc priest (D:7)
  2 jellies
  An iguana (D:3)
  3 orc wizards
  A gnoll (D:6)
  3 adders (D:3)
  3 white imps
  3 worms
  5 dart slugs
  14 orcs
  4 bats
  10 endoplasms
  2 giant cockroaches (D:4)
  2 goblins (D:3)
  11 hobgoblins
  10 jackals
  6 kobolds
  3 quokkas
  7 ball pythons
  4 frilled lizards
  6 rats
120 creatures vanquished.

Table legend:
 A = Non-vault XP
 B = Vault XP
 C = Vault XP percentage of total XP
 D = Non-vault monster count
 E = Vault monster count
 F = Vault count percentage of total count
                 A         B        C        D         E       F
            +---------+---------+-------+---------+---------+-------
      Total |    1944 |     299 |  13.3 |     104 |      16 |  13.3
            +---------+---------+-------+---------+---------+-------
        D:1 |      31 |       0 |   0.0 |      20 |       0 |   0.0
        D:2 |      84 |       0 |   0.0 |      18 |       0 |   0.0
        D:3 |     108 |      72 |  40.0 |      23 |      14 |  37.8
        D:4 |     143 |      69 |  32.5 |      12 |       1 |   7.7
        D:5 |      53 |       0 |   0.0 |       2 |       0 |   0.0
        D:6 |     854 |     158 |  15.6 |      12 |       1 |   7.7
        D:7 |     671 |       0 |   0.0 |      17 |       0 |   0.0
            +---------+---------+-------+---------+---------+-------

Illustrated notes

Table legend:
 A = Kills in this place as a percentage of kills in entire the game.
 B = Kills by you in this place as a percentage of kills by you in the entire game.
 C = Kills by friends in this place as a percentage of kills by friends in the entire game.
 D = Other kills in this place as a percentage of other kills in the entire game.
 E = Experience gained in this place as a percentage of experience gained in the entire game.
 F = Experience gained in this place divided by the number of levels of this place that you have seen.
                   A       B       C       D       E      F
               +-------+-------+-------+-------+-------+----------------------
         Total | 100.0 | 100.0 |   N/A |   N/A | 100.0 | 320.4
       Dungeon | 100.0 | 100.0 |   N/A |   N/A | 100.0 | 320.4
               +-------+-------+-------+-------+-------+----------------------

Table legend: (Time is in decaauts)
 A = Elapsed time spent in this place.
 B = Non-inter-level travel time spent in this place.
 C = Inter-level travel time spent in this place.
 D = Time resting spent in this place.
 E = Time spent auto-exploring this place.
 F = Levels seen in this place.
 G = Mean time per level.
                   A        B        C        D        E       F      G
               +--------+--------+--------+--------+--------+-----+--------+
         Total |   8254 |   7921 |    333 |   3185 |   3640 |   7 | 1179.1 |
       Dungeon |   8254 |   7921 |    333 |   3185 |   3640 |   7 | 1179.1 |
               +--------+--------+--------+--------+--------+-----+--------+

Top non-repeatable levels by time:
     D:6: 2265 daAuts
     D:3: 1709 daAuts
     D:2: 1474 daAuts
     D:4: 1154 daAuts
     D:7: 803 daAuts
     D:1: 649 daAuts
     D:5: 197 daAuts
